 Dungeon Crawl Stone Soup version 0.26.0-8-g74fc34ddfb (webtiles) character file.

Game seed: 7787250338310064571

117 Froggeryz the Poker (level 5, 0/32 HPs)
             Began as a Tengu Abyssal Knight on Jan 12, 2021.
             Was a Follower of Lugonu.
             Killed from afar by Robin (9 damage)
             ... with a puff of flame
             ... on level 2 of the Dungeon.
             The game lasted 00:02:31 (1806 turns).

Froggeryz the Poker (Tengu Abyssal Knight)          Turns: 1806, Time: 00:02:31

Health: 0/32       AC:  6    Str: 14    XL:     5   Next: 1%
Magic:  4/7        EV: 15    Int: 12    God:    Lugonu [*.....]
Gold:   60         SH:  0    Dex: 13    Spells: 4/4 levels left

rFire    . . .     SeeInvis .   a - +1 spear
rCold    . . .     Faith    .   (no shield)
rNeg     . . .     Spirit   .   i - +0 scale mail
rPois    +         Reflect  .   (helmet restricted)
rElec    .         Harm     .   (no cloak)
rCorr    .         Rampage  .   (no gloves)
Will     .....                  (boots unavailable)
Stlth    ..........             (no amulet)
HPRegen  0.10/turn              e - +4 ring of evasion
MPRegen  0.10/turn              f - ring of poison resistance

@: flying quickly and evasively, quick
A: beak, talons 3, able to fly
a: Stop Flying, Renounce Religion, Depart the Abyss


You were on level 2 of the Dungeon.
You worshipped Lugonu.
Lugonu was aware of your devotion.
You visited 1 branch of the dungeon, and saw 2 of its levels.
You visited the Abyss 1 time.

You collected 60 gold pieces.

Inventory:

Hand Weapons
 a - a +1 spear (weapon)
Armour
 i - a +0 scale mail (worn)
Jewellery
 e - a +4 ring of evasion (left hand)
 f - a ring of poison resistance (right hand)
Scrolls
 b - a scroll of teleportation {unknown}
 c - 2 scrolls of magic mapping {unknown}
Potions
 d - 2 potions of curing {unknown}
 g - a potion of cancellation {unknown}


   Skills:
 - Level 3.0 Fighting
 * Level 5.5 Polearms
 - Level 2.1 Armour
 - Level 1.1 Dodging
 - Level 1.5 Invocations


You had 4 spell levels left.
You didn't know any spells.
Your spell library was empty.

Dungeon Overview and Level Annotations

Branches:
Dungeon (2/15)

Altars:
Sif Muna

Annotations:
D:2 Robin


Innate Abilities, Weirdness & Mutations

You have a beak for a mouth.
You have claws for feet.
You can fly continuously.


Message History

You are too injured to fight recklessly!
You are too injured to fight recklessly!
The goblin shoots a stone.
The stone completely misses you.
There is a stone staircase leading up here.
Robin throws the goblin at you!
The goblin unwields a +0 hunting sling.
The goblin hits you but does no damage.
You see here a +0 club.
Robin roars a battlecry!
The goblin goes into a battle-frenzy!
The goblin hits you but does no damage.
Robin zaps a wand.
The puff of flame hits you.
* * * LOW HITPOINT WARNING * * *
You see here a +0 club.
Your scale mail prevents you from hitting the goblin.
The goblin hits you but does no damage.
You hit the goblin. Your kick misses the goblin. You peck the goblin.
You kill the goblin!
Lugonu accepts your kill.
Robin zaps a wand.
The puff of flame hits you!
You die...

##..###.##...###.######..........
##..# #...............g...#####..
##..######..)###..>g.r...######..
##....# #...# #.##########......
##.##.## #...# #.# #.#...#
.......###...###)####### #.#.###
#.#..#......((.........# #.#.#
#......###..##.#g#####.# #.#.#
##.[........##.#@# #.# #.#.#
####(..###.###.#<# #.# ##.#.# #
##......# #.#.#####.###....# #
#####.!###.............#..# #
##.........####.####...## #
#.....####.# #.#####.##
#.........(# #.......#
#.....###### ######### ##...##


You could see Robin.

Vanquished Creatures
  Natasha (twice) (D:2)
  2 adders (D:2)
  2 oozes
  An ufetubus (Abyss:1)
  2 giant cockroaches
  10 goblins (D:2)
  5 hobgoblins
  4 jackals (D:1)
  3 kobolds
  2 bats
  A frilled lizard (D:1)
  3 rats
37 creatures vanquished.

Notes
Turn   | Place    | Note
-------+----------+-------------------------------------------
     0 | Abyss:1  | Froggeryz the Tengu Abyssal Knight began the quest for the
                  | Orb.
     0 | Abyss:1  | Reached XP level 1. HP: 14/14 MP: 3/3
    87 | Abyss:1  | Noticed a wight
   118 | Abyss:1  | Noticed a starcursed mass
   121 | D:1      | Escaped the Abyss
   451 | D:1      | Reached skill level 3 in Polearms
   451 | D:1      | Reached XP level 2. HP: 18/18 MP: 4/4
   592 | D:1      | Reached * piety under Lugonu
   598 | D:1      | Reached XP level 3. HP: 19/23 MP: 5/5
  1083 | D:2      | Reached skill level 4 in Polearms
  1115 | D:2      | Noticed Natasha
  1122 | D:2      | Killed Natasha
  1123 | D:2      | Reached XP level 4. HP: 19/28 MP: 6/6
  1497 | D:2      | Reached skill level 5 in Polearms
  1559 | D:2      | Noticed Natasha
  1565 | D:2      | Killed Natasha
  1582 | D:2      | Found a shimmering blue altar of Sif Muna.
  1739 | D:2      | Noticed Robin
  1794 | D:2      | Gained mutation: You can fly continuously. [Tengu growth]
  1794 | D:2      | Reached XP level 5. HP: 13/32 MP: 7/7
  1806 | D:2      | Killed from afar by Robin

Illustrated notes

Levels and vault maps discovered:
D:1:      saegor_arrival_simple_e, layout_basic, minmay_pentomino_v2
D:2:      layout_loops_ring, general_overflow_altar, uniq_natasha, uniq_robin

Skill      XL: |  1  2  3  4 |
---------------+-------------+-----
Polearms       | 3 4 5 |  5.5
Fighting       | |  3.0
Armour         | |  2.1
Dodging        | |  1.1
Invocations    | |  1.5

Action                   |  1- 3 |  4- 6 || total
-------------------------+-------+-------++-------
Melee: Spear             |    48 |    46 ||    94
       Kick              |    13 |     8 ||    21
       Peck              |     3 |     8 ||    11
Invok: Depart the Abyss  |     1 |       ||     1
 Abil: Fly               |       |     1 ||     1
  Use: Potion            |     2 |       ||     2
Armor: Leather armour    |     2 |       ||     2
       Ring mail         |     1 |     7 ||     8
       Scale mail        |       |    13 ||    13
Dodge: Dodged            |    16 |    15 ||    31
